 Dungeon Crawl Stone Soup version 0.26-a0-597-gb535b09 (webtiles) character file.

Game seed: 8319010197427176988

45661 Illumine the Grappler (level 14, 0/136 HPs)
             Began as a Troll Fighter on Aug 25, 2020.
             Was a High Priest of Cheibriados.
             Killed by divine providence
             ... invoked by a smoke demon
              (11 damage)
             ... on level 6 of the Lair of Beasts on Aug 26, 2020.
             The game lasted 00:41:15 (16150 turns).

Illumine the Grappler (Troll Fighter)              Turns: 16150, Time: 00:41:15

Health: 0/136      AC:  9    Str: 38    XL:     14   Next: 1%
Magic:  0/19       EV: 14    Int: 19    God:    Cheibriados [*****.]
Gold:   915        SH: 15    Dex: 20    Spells: 14/17 levels left

rFire    + + .     SeeInvis +     - Unarmed
rCold    x x .     Faith    .   O - +2 kite shield
rNeg     . . .     Spirit   +   a - +0 robe
rPois    .         Reflect  .   M - +0 hat {SInv}
rElec    .         Harm     .   u - +2 cloak
rCorr    .                      (gloves unavailable)
MR       +....                  (boots unavailable)
Stlth    ++........             K - amulet of guardian spirit
HPRegen  0.72/turn              m - ring of fire
MPRegen  0.16/turn              T - ring of fire

@: very slow
A: large, unfitting armour, claws 3, regeneration 1, shaggy fur 1, tough skin 3
a: Bend Time, Temporal Distortion, Slouch, Step From Time, Renounce Religion


You were on level 6 of the Lair of Beasts.
You worshipped Cheibriados.
Cheibriados was extremely pleased with you.
You visited 3 branches of the dungeon, and saw 17 of its levels.

You collected 1147 gold pieces.
You spent 232 gold pieces at shops.

Inventory:

Hand Weapons
 i - the +10 zealot's sword {holy, *Rage rN+ EV+3}
   (You found it on level 1 of the Lair of Beasts)

   It has been blessed by the Shining One to cause great damage to the undead
   and demons.
   It affects your evasion (+3).
   It protects you from negative energy.
   It may make you go berserk in combat.
 C - the +8 demon blade "Leech" {vamp, *Rage +Rage rN+}
   (You found it on level 6 of the Dungeon)

   It inflicts no extra harm, but heals its wielder when it wounds a living foe.
   It protects you from negative energy.
   It lets you go berserk.
   It may make you go berserk in combat.
 E - the +10 morningstar "Eos" {elec, Halo rElec}
   (You found it on level 6 of the Dungeon)

   Occasionally, upon striking a foe, it will discharge some electrical energy
   and cause terrible harm.
   It insulates you from electricity.
 U - the +7 mace of Extremism {elec, Dex+3, unknown}
   (You found it on level 1 of the Lair of Beasts)

   Occasionally, upon striking a foe, it will discharge some electrical energy
   and cause terrible harm.
   It affects your dexterity (+3).
Missiles
 h - 95 poisoned darts
 J - a javelin (quivered)
 L - 3 large rocks
 Z - 2 boomerangs
Armour
 a - a +0 robe (worn)
 u - a +2 cloak (worn)
 M - a +0 hat of see invisible (worn)
 O - a +2 kite shield (worn)
Jewellery
 f - an uncursed ring of positive energy
 j - an uncursed ring of protection from cold
 m - a ring of fire (left claw)
 z - a +6 ring of intelligence
 K - an amulet of guardian spirit (around neck)
 S - an uncursed amulet of magic regeneration
 T - a ring of fire (right claw)
Wands
 p - a wand of paralysis (7)
 w - a wand of acid (7)
 y - a wand of disintegration (39)
 R - a wand of digging (14)
 X - a wand of flame (9)
Scrolls
 d - 10 scrolls of teleportation
 g - 2 scrolls of enchant armour
 k - a scroll of enchant weapon {unknown}
 l - 9 scrolls of remove curse
 n - 4 scrolls of magic mapping
 o - 2 scrolls of blinking {unknown}
 s - 2 scrolls of amnesia
 t - 3 scrolls of fog
 x - 2 scrolls of fear
 A - a scroll of silence {unknown}
 F - a scroll of holy word {unknown}
 H - 3 scrolls of random uselessness {unknown}
 Y - a scroll of immolation {unknown}
Potions
 b - 2 potions of magic {unknown}
 c - 4 potions of might
 e - 4 potions of flight
 q - 2 potions of lignification
 r - 5 potions of heal wounds
 v - 2 potions of invisibility
 B - 2 potions of mutation
 D - 3 potions of stabbing
 G - 2 potions of curing
 I - a potion of cancellation
 Q - 3 potions of brilliance
 W - a potion of ambrosia {unknown}
Miscellaneous
 N - a phantom mirror
 P - a lightning rod (4/4)
 V - a condenser vane (2/2)


   Skills:
 + Level 8.3 Fighting
 + Level 7.8 Throwing
 + Level 4.5 Armour
 - Level 6.4 Dodging
 + Level 9.0 Shields
 + Level 12.2 Unarmed Combat
 + Level 2.0 Spellcasting
 + Level 3.1 Earth Magic
 * Level 9.2 Invocations


You had 14 spell levels left.
You knew the following spells:

 Your Spells              Type           Power        Failure   Level
a - Stone Arrow           Conj/Erth      #.....       26%         3

Your spell library contained the following spells:

 Spells                   Type           Power        Failure   Level
 Corona                   Hex            #......      17%         1
 Foxfire                  Conj/Fire      #...         17%         1
 Ensorcelled Hibernation  Hex/Ice        #.....       26%         2
 Confusing Touch          Hex            #.......     45%         3
 Conjure Flame            Conj/Fire      #.......     45%         3
 Dazzling Flash           Conj/Hex       #.....       45%         3
 Inner Flame              Hex/Fire       #.......     45%         3
 Tukima's Dance           Hex            #.......     45%         3
 Leda's Liquefaction      Hex/Erth       #.........   65%         4
 Sticky Flame             Conj/Fire      #.......     86%         4
 Summon Ice Beast         Ice/Summ       #.......     86%         4
 Fireball                 Conj/Fire      #.........   99%         5
 Dragon's Call            Summ           #.........   100%        9


Dungeon Overview and Level Annotations

Branches:
Dungeon (10/15)            Temple (1/1) D:7            Lair (6/6) D:10
  Swamp (0/4) Lair:3       Spider (0/4) Lair:3        Slime (0/5) Lair:5
    Orc: D:9-12

Altars:
Ashenzari
Cheibriados
Dithmenos
Elyvilon
Fedhas
Gozag
Hepliaklqana
Kikubaaqudgha
Makhleb
Nemelex Xobeh
Okawaru
Qazlal
Ru
Sif Muna
Trog
Uskayaw
Vehumet
Wu Jian
Xom
Yredelemnul
Zin
The Shining One
Jiyva

Shops:
D:5 (   D:6 [

Annotations:
Lair:1 exclusion: oklob plant
Lair:4 exclusion: oklob plant


Innate Abilities, Weirdness & Mutations

You are too large for most types of armour.
You have claws for hands.
Your natural rate of healing is unusually fast.
You are covered in fur. (AC +1)
You have extremely tough skin. (AC +3)


Message History

* * * LOW HITPOINT WARNING * * *
You block the orange demon's attack. x2
Unknown command.
You don't have enough magic at the moment.
Unknown command.
You feel better. You block the orange demon's attack. The ice devil hits you!
* * * LOW HITPOINT WARNING * * *
The ice devil freezes you!!
You feel a terrible chill!
* * * LOW HITPOINT WARNING * * *
You block the orange demon's attack.
Unknown command.
As you read the scroll of fear, it crumbles to dust.
You assume a fearsome visage.
The orange demon is unaffected. x2
The smoke demon is unaffected.
The hell hound is unaffected.
The ice devil is unaffected.
The orange demon is unaffected.
The orange demon closely misses you. You block the ice devil's attack.
The orange demon misses you. The smoke demon gestures at you.
Something smites you!
You die...

♣.....♣ ♣♣♣.......♣♣
*#######''###### ♣♣♣P♣♣.♣♣
≈#.............#########+♣♣♣♣♣
≈#....8....8...#........#*
≈#.............'...8.8..#
≈###############.)8.#...* ♣
≈≈≈≈≈≈≈,,.....,#...8.#..* ♣♣
≈≈≈≈≈,,,,....h4#..#.8...# ♣.
≈≈≈≈∩,,,,(_..344@..#.8..# ♣.
≈≈≈≈≈≈,,,....44#..8.8...# ♣♣
≈≈≈≈≈≈≈≈≈§....,#........# ♣
≈≈≈≈≈≈≈≈≈≈≈§#**##########
≈≈≈≈≈≈≈≈≈≈≈≈≈≈≈≈≈≈*
≈≈≈≈≈≈≈≈≈#≈≈≈≈≈≈≈≈*


You could see 3 orange demons, an ice devil, a smoke demon, a red devil and a
hell hound.

Vanquished Creatures
  Gastronok (Lair:3)
  A dire elephant (Lair:6)
  An ice dragon (Lair:1)
  5 hydras
  A sun demon (Lair:6)
  Nergalle (Lair:3)
  A wizard (Lair:6)
  Pikel (D:5)
  An orb spider (Lair:3)
  3 slime creatures (D:9)
  Joseph (D:7)
  2 black mambas
  16 elephants
  4 torpor snails
  13 cane toads
  A gargoyle (D:6)
  2 rime drakes (Lair:6)
  6 komodo dragons
  An ice devil (Lair:6)
  3 trolls
  17 blink frogs
  8 hippogriffs
  6 dream sheep (Lair:5)
  Sigmund (D:2)
  4 wyverns
  28 yaks
  2 basilisks
  Menkaure (D:7)
  Edmund (D:6)
  2 hell hounds (Lair:6)
  10 water moccasins
  10 porcupines
  2 sky beasts
  2 black bears
  An ice beast (D:5)
  6 orc warriors
  A phantom (D:4)
  A hornet zombie (D:9)
  5 ogres
  3 centaurs
  25 wolves
  2 lemures (D:5)
  A big kobold (D:7)
  13 crocodiles
  11 bullfrogs
  A wyvern skeleton (D:7)
  5 scorpions
  7 killer bees
  A vampire bat (D:6)
  4 electric eels
  2 howler monkeys
  2 centaur zombies
  A quasit (D:8)
  A centaur skeleton (D:10)
  A bullfrog zombie (D:8)
  14 hounds
  7 orc priests
  A jelly (D:5)
  10 orc wizards
  4 iguanas
  6 worker ants
  A hound skeleton (D:6)
  Robin (D:3)
  4 gnolls
  12 adders
  2 howler monkey skeletons
  2 white imps
  4 ufetubi
  2 adder skeletons
  4 worms
  3 dart slugs
  9 leopard geckos
  38 orcs
  5 bat skeletons (D:6)
  A bat zombie (D:6)
  7 giant cockroaches
  14 goblins
  10 hobgoblins
  18 jackals
  3 quokkas
  A ball python (D:3)
  A ball python skeleton (D:6)
  6 bats
  7 frilled lizards
  15 kobolds
  3 leopard gecko skeletons
  A quokka skeleton (D:7)
  10 rats
479 creatures vanquished.

Vanquished Creatures (others)
  16 fungi
  23 plants
39 creatures vanquished.

Grand Total: 518 creatures vanquished

Notes
Turn   | Place    | Note
-------+----------+-------------------------------------------
     0 | D:1      | Illumine the Troll Fighter began the quest for the Orb.
     0 | D:1      | Reached XP level 1. HP: 22/22 MP: 0/0
   281 | D:1      | Reached XP level 2. HP: 24/29 MP: 1/1
   665 | D:2      | Reached skill level 3 in Unarmed Combat
   697 | D:2      | Reached XP level 3. HP: 36/36 MP: 2/2
   852 | D:2      | Noticed Robin
  1016 | D:2      | Noticed Sigmund
  1032 | D:2      | Killed Sigmund
  1032 | D:2      | Reached skill level 5 in Unarmed Combat
  1032 | D:2      | Reached XP level 4. HP: 35/44 MP: 3/3
  1032 | D:2      | Reached XP level 5. HP: 40/50 MP: 4/4
  1194 | D:3      | Killed Robin
  1290 | D:2      | Found a faded altar of an unknown god.
  1317 | D:2      | Reached XP level 6. HP: 50/59 MP: 5/5
  2089 | D:3      | Reached skill level 6 in Unarmed Combat
  2467 | D:4      | Reached XP level 7. HP: 47/66 MP: 6/6
  2908 | D:4      | Found a shattered altar of Ashenzari.
  3126 | D:4      | Reached skill level 7 in Unarmed Combat
  3399 | D:5      | Entered Level 5 of the Dungeon
  3410 | D:5      | Found Maekhism's Weapon Emporium.
  3477 | D:5      | Reached XP level 8. HP: 52/75 MP: 7/7
  3619 | D:5      | Found a shimmering blue altar of Sif Muna.
  3691 | D:5      | Noticed Pikel
  3711 | D:5      | Killed Pikel
  3711 | D:5      | Reached skill level 5 in Shields
  3711 | D:5      | Reached skill level 8 in Unarmed Combat
  3904 | D:5      | Found a radiant altar of Vehumet.
  4238 | D:6      | Reached skill level 1 in Throwing
  4409 | D:6      | Found an ancient bone altar of Kikubaaqudgha.
  4423 | D:6      | Reached XP level 9. HP: 84/84 MP: 8/8
  4479 | D:6      | Noticed Edmund
  4488 | D:6      | Killed Edmund
  4550 | D:6      | Found a shimmering altar of Xom.
  4759 | D:6      | Found a glowing silver altar of Zin.
  4902 | D:6      | Found the +8 demon blade "Leech" {vamp, *Rage +Rage rN+}
  4918 | D:6      | Noticed a gargoyle
  4932 | D:6      | Killed a gargoyle
  4932 | D:6      | Reached skill level 9 in Unarmed Combat
  5152 | D:6      | Found the +10 morningstar "Eos" {elec, Halo rElec}
  5244 | D:6      | Found Pasal's Antique Armour Emporium.
  5250 | D:6      | Bought a glowing cloak for 232 gold pieces
  5559 | D:7      | Noticed Menkaure
  5564 | D:7      | Killed Menkaure
  5683 | D:7      | Found a staircase to the Ecumenical Temple.
  5691 | Temple   | Entered the Ecumenical Temple
  5713 | Temple   | Became a worshipper of Cheibriados the Contemplative
  5971 | D:7      | Noticed Joseph
  5990 | D:7      | Killed Joseph
  5990 | D:7      | Reached skill level 5 in Fighting
  5990 | D:7      | Reached skill level 1 in Invocations
  6229 | D:7      | Reached XP level 10. HP: 87/96 MP: 9/9
  6272 | D:7      | Found a blossoming altar of Fedhas.
  6608 | D:7      | Reached * piety under Cheibriados
  6614 | D:7      | Reached skill level 10 in Unarmed Combat
  6730 | D:8      | Found a burning altar of Makhleb.
  6976 | D:8      | Reached skill level 5 in Dodging
  7121 | D:8      | Reached ** piety under Cheibriados
  7869 | D:9      | Found a glowing golden altar of the Shining One.
  8162 | D:10     | Entered Level 10 of the Dungeon
  8179 | D:9      | Reached *** piety under Cheibriados
  8537 | D:10     | Reached **** piety under Cheibriados
  8546 | D:10     | Reached XP level 11. HP: 105/105 MP: 12/12
  8761 | D:10     | Identified the Guide on Supportive Earth
  8824 | D:10     | Found a staircase to the Lair.
  9025 | Lair:1   | Entered Level 1 of the Lair of Beasts
  9138 | Lair:1   | Noticed an oklob plant
  9176 | Lair:1   | Reached skill level 5 in Throwing
  9312 | Lair:1   | Noticed a four-headed hydra
  9323 | Lair:1   | Killed a five-headed hydra
  9486 | Lair:1   | Reached ***** piety under Cheibriados
  9734 | Lair:1   | Noticed an ice dragon
  9743 | Lair:1   | Killed an ice dragon
  9797 | Lair:1   | Found the +10 zealot's sword {holy, *Rage rN+ EV+3}
 10119 | Lair:1   | Got an ivory mace
 10157 | Lair:1   | Reached skill level 11 in Unarmed Combat
 10157 | Lair:1   | Reached skill level 5 in Invocations
 11072 | Lair:2   | Reached XP level 12. HP: 99/115 MP: 15/15
 11097 | Lair:2   | Reached skill level 1 in Armour
 11628 | Lair:3   | Noticed Gastronok
 11647 | Lair:3   | Killed Gastronok
 11740 | Lair:3   | Found a hole to the Spider Nest.
 12005 | Lair:3   | You fall into a shaft and drop 3 floors!
 12005 | Lair:6   | Entered Level 6 of the Lair of Beasts
 12199 | Lair:3   | Found a staircase to the Swamp.
 12270 | Lair:3   | Noticed Nergalle
 12279 | Lair:3   | Killed Nergalle
 12574 | Lair:3   | Reached ****** piety under Cheibriados
 12985 | Lair:4   | Reached XP level 13. HP: 119/126 MP: 17/17
 13053 | Lair:4   | Learned a level 3 spell: Stone Arrow
 13335 | Lair:4   | Reached skill level 1 in Earth Magic
 13982 | Lair:5   | Reached skill level 1 in Spellcasting
 14100 | Lair:5   | Found a viscous altar of Jiyva.
 14102 | Lair:5   | Found a staircase to the Slime Pits.
 14128 | Lair:5   | Reached skill level 12 in Unarmed Combat
 14609 | Lair:5   | Found a snail-covered altar of Cheibriados.
 15778 | Lair:6   | Noticed a dire elephant
 15792 | Lair:6   | Killed a dire elephant
 16125 | Lair:6   | Found a burning altar of Makhleb.
 16135 | Lair:6   | Reached XP level 14. HP: 119/136 MP: 15/19
 16150 | Lair:6   | Killed from afar by a smoke demon

Illustrated notes

Levels and vault maps discovered:
D:1:      lightli_arrival_noodles, layout_loops_ring
D:2:      layout_rooms, chequers_ecumenical_altar_island, uniq_sigmund,
          uniq_robin
D:3:      layout_loops_ring, minmay_fractal_squares_diagonal_5
D:4:      layout_basic, evilmike_ruin_ashenzari, corexii_checkpoint_a
D:5:      layout_cave_pools, old_standard_altar, serial_shops,
          nicolae_shop_crystal, led_sif_book, uniq_pikel
D:6:      minmay_chambers_of_sixes, layout_loops_corners,
          kennysheep_vampire_church, zin_scriptorium, basic_altar, serial_shops,
          shop, corexii_hall_statues_i, uniq_edmund
D:7:      layout_loops_corners, minmay_temple_entry_wispy, st_stairs_4,
          kennysheep_big_empty_room, fedhas_altar_fruit_tree, uniq_menkaure,
          uniq_joseph
D:8:      layout_basic, basic_altar, kennysheep_generic_room_7
D:9:      layout_rooms, marbit_many_paths
D:10:     layout_irregular_city, erik_lair_island
Temple:   lightli_temple_of_artemis
Lair:1:   dragon1_lemuel, layout_cave_pods, minmay_lair_oklob_chamber,
          grunt_megastairs_3
Lair:2:   layout_cave_pods
Lair:3:   layout_regular_city, swamp_mist_pool,
          nicolae_spider_entry_orb_guardian, minmay_hedge_maze, uniq_nergalle,
          uniq_gastronok
Lair:4:   layout_regular_city
Lair:5:   layout_cave_pods, slime_altar_1, kennysheep_snail_temple
Lair:6:   evil_forest, layout_long_grid, grunt_megastairs_5

Skill      XL: |  1  2  3  4  5  6  7  8  9 10 11 12 13 |
---------------+----------------------------------------+-----
Unarmed Combat | 3 5 6 7 8 9 10 11 12 | 12.2
Shields        | 3 4 5 6 7 8 9 |  9.0
Fighting       | 3 4 5 6 7 8 |  8.3
Dodging        | 3 4 5 6 |  6.4
Throwing       | 1 3 4 5 6 7 |  7.8
Invocations    | 1 3 5 7 9 |  9.2
Armour         | 3 4 |  4.5
Earth Magic    | 3 |  3.1
Spellcasting   | 2 |  2.0

Action                   |  1- 3 |  4- 6 |  7- 9 | 10-12 | 13-15 || total
-------------------------+-------+-------+-------+-------+-------++-------
Melee: Unarmed           |   121 |   151 |   314 |   501 |   250 ||  1337
       Morningstar       |       |       |       |     3 |       ||     3
Throw: Dart              |       |     2 |    16 |     2 |     9 ||    29
       Boomerang         |       |       |    41 |   255 |    25 ||   321
       Large rock        |       |       |       |     7 |     5 ||    12
       Javelin           |       |       |       |     6 |     3 ||     9
Invok: Bend Time         |       |       |       |     1 |       ||     1
       Slouch            |       |       |       |     1 |     8 ||     9
Evoke: Wand              |       |       |     5 |     5 |     6 ||    16
       Lightning rod     |       |       |       |       |     3 ||     3
  Use: Scroll            |       |       |    12 |     8 |     3 ||    23
       Potion            |       |       |       |       |     2 ||     2
 Stab: Sleeping          |     1 |       |       |     1 |     3 ||     5
       Distracted        |       |       |     1 |       |       ||     1
Armor: Robe              |    44 |    56 |    67 |    91 |    45 ||   303
Dodge: Dodged            |    38 |    48 |   101 |   212 |   142 ||   541
Block: Kite shield       |    42 |    58 |   137 |   364 |   216 ||   817

Table legend: (Time is in decaauts)
 A = Elapsed time spent in this place.
 B = Non-inter-level travel time spent in this place.
 C = Inter-level travel time spent in this place.
 D = Time resting spent in this place.
 E = Time spent auto-exploring this place.
 F = Levels seen in this place.
 G = Mean time per level.
                   A        B        C        D        E       F      G
               +--------+--------+--------+--------+--------+-----+--------+
         Total |  20523 |  19771 |    752 |   3021 |  12908 |  17 | 1207.2 |
       Dungeon |  10025 |   9568 |    457 |   1036 |   6386 |  10 | 1002.5 |
        Temple |     48 |     24 |     24 |      0 |      0 |   1 |   48.0 |
          Lair |  10449 |  10179 |    270 |   1985 |   6522 |   6 | 1741.5 |
               +--------+--------+--------+--------+--------+-----+--------+

Top non-repeatable levels by time:
  Lair:5: 2521 daAuts
  Lair:3: 1878 daAuts
  Lair:1: 1827 daAuts
  Lair:2: 1730 daAuts
  Lair:4: 1581 daAuts
     D:7: 1425 daAuts
     D:6: 1229 daAuts
    D:10: 1211 daAuts
     D:4: 1080 daAuts
     D:8: 1004 daAuts
     D:9: 955 daAuts
     D:3: 932 daAuts
  Lair:6: 910 daAuts
     D:5: 805 daAuts
     D:2: 746 daAuts
